 Dungeon Crawl Stone Soup version 0.20-a0-495-g2241292 (webtiles) character file.

389 Ijustatesigmund the Magician (level 6, -6/52 HPs)
             Began as a Naga Wizard on Jan 18, 2017.
             Mangled by an orc
             ... wielding a cursed -2 trident
              (8 damage)
             ... on level 5 of the Dungeon.
             The game lasted 00:15:52 (4949 turns).

Ijustatesigmund the Magician (Naga Wizard)          Turns: 4949, Time: 00:15:53

Health: -6/52      AC:  8    Str: 10    XL:     6   Next: 79%
Magic:  0/12       EV: 10    Int: 18    God:
Gold:   250        SH:  0    Dex: 15    Spells: 2/13 levels left

rFire    . . .     SeeInvis +   B - +0 great mace "Umeis" {venom, rElec Dex+4 SInv} (curse)
rCold    . . .     Gourm    .   a - +0 robe
rNeg     . . .     Faith    .   (shield currently unavailable)
rPois    +         Spirit   .   y - +0 helmet
rElec    +         Reflect  .   z - +0 cloak
rCorr    .         Harm     .   (no gloves)
MR       .....                  (no barding)
Stlth    ++........             j - amulet of rage
Regen    0.2/turn               (no ring)
                                v - +3 ring of protection

@: about to teleport, repel missiles, very slow
A: see invisible, deformed body, poison resistance, slowness 2, slow metabolism
1, spit poison 1, AC +2
a: Spit Poison, Evoke Berserk Rage


You were on level 5 of the Dungeon.
You were not hungry.

You visited 1 branch of the dungeon, and saw 5 of its levels.

You collected 250 gold pieces.

Inventory:

Hand Weapons
 f - a +1 vampiric dagger
 k - a +0 dagger of venom
 n - a +1 dagger of holy wrath
 t - a +2 falchion of slicing
 B - the cursed +0 great mace "Umeis" (weapon) {venom, rElec Dex+4 SInv}
   (You found it on level 4 of the Dungeon)

   It poisons the flesh of those it strikes.
   It affects your dexterity (+4).
   It insulates you from electricity.
   It lets you see invisible.
   It has a curse placed upon it.
 D - a +0 dagger of venom
Missiles
 w - 8 javelins of penetration (quivered)
 x - 2 tomahawks
Armour
 a - a +0 robe (worn)
 b - a +0 buckler
 r - a +0 shield
 y - a +0 helmet (worn)
 z - a +0 cloak (worn)
Jewellery
 e - an uncursed ring of resist corrosion
 j - an amulet of rage (around neck)
 v - a +3 ring of protection (left hand)
Scrolls
 g - 2 scrolls of enchant weapon
 p - 2 scrolls of magic mapping
 q - a scroll of amnesia
 A - a scroll of remove curse
 E - a scroll of teleportation
Potions
 i - 2 potions of magic
 l - 3 potions of flight
 m - 2 potions of lignification
 o - a potion of brilliance
 s - a potion of cure mutation {unknown}
 u - a potion of might {unknown}
 F - a potion of resistance {unknown}
 G - a potion of haste {unknown}
 H - a potion of agility {unknown}
Books
 c - a book of Minor Magic

   Spells                             Type                      Level
   a - Magic Dart                     Conjuration                  1
   b - Blink                          Translocation                2
   c - Call Imp                       Summoning                    2
   d - Repel Missiles                 Charms/Air                   2
   e - Slow                           Hexes                        2
   f - Conjure Flame                  Conjuration/Fire             3
   g - Mephitic Cloud                 Conjuration/Poison/Air       3
Comestibles
 d - 5 bread rations
 h - a meat ration


   Skills:
 - Level 1.8 Fighting
 - Level 1.5 Dodging
 + Level 3.4 Stealth
 - Level 4.2 Spellcasting
 - Level 4.0 Conjurations
   Level 1.0 Summonings
 - Level 1.1 Translocations
 + Level 1.9 Air Magic
 + Level 3.0 Poison Magic


You had 2 spell levels left.
You knew the following spells:

 Your Spells              Type           Power        Failure   Level  Hunger
a - Magic Dart            Conj           ###.         2%          1    None
b - Blink                 Tloc           N/A          14%         2    ##.....
c - Repel Missiles        Chrm/Air       #.....       14%         2    ##.....
d - Mephitic Cloud        Conj/Pois/Air  ##......     14%         3    ###....
e - Conjure Flame         Conj/Fire      ##......     21%         3    ###....


Dungeon Overview and Level Annotations

Branches:
Dungeon (5/15)
 Temple: D:4-7

Altars:


Innate Abilities, Weirdness & Mutations

You cannot wear boots.
Your serpentine skin is tough. (AC +2)
You have supernaturally acute eyesight. (SInv)
Armour fits poorly on your strangely shaped body.
Your system is resistant to poisons. (rPois)
You cover ground very slowly.
You have a slow metabolism.
You can spit poison.


Message History

The scorpion stings you but does no damage.
The orc priest hits you but does no damage.
You feel better.
The orc priest hits you but does no damage.
The orc hits you with a mace.
* * * LOW HITPOINT WARNING * * *
The orc wizard looks satisfied for a moment.
The orc barely misses you. The scorpion closely misses you.
Okay, then.
Casting: Magic Dart
Confirm with . or Enter, or press ? or * to list all spells.
You don't have enough magic to cast that spell.
Okay, then.
As you read the scroll of teleportation, it crumbles to dust.
You feel strangely unstable.
The orc priest hits you but does no damage.
The orc priest hits you from afar with a trident!
* * * LOW HITPOINT WARNING * * *
The orc hits you from afar with a trident!
You die...

#.. .... ...... ......
#.##.# #.##.#
#.####o##.#######
.....oho..<......
...####os#.########
......o@.#........#
.........#........#
..................#
..................#
..................#
..$..............## ..
.........#.......# #.
.......####.#.#.......#
. ...# ####
#.........#.#


You could see a scorpion, a hound, 2 orc priests, an orc wizard and 2 orcs.

Vanquished Creatures
  A centaur zombie (D:4)
  A hound (D:4)
  An orc priest (D:3)
  Crazy Yiuf (D:2)
  An orc wizard (D:4)
  An iguana (D:4)
  2 worker ants
  7 adders
  2 oozes (D:2)
  4 worms
  2 dart slugs (D:1)
  3 leopard geckos
  7 orcs
  A ball python (D:2)
  2 giant cockroaches
  7 goblins
  7 hobgoblins
  6 kobolds
  2 quokkas (D:2)
  9 bats
  5 frilled lizards
  15 rats
87 creatures vanquished.

Notes
Turn   | Place    | Note
-------+----------+-------------------------------------------
     0 | D:1      | Ijustatesigmund the Naga Wizard began the quest for the Orb.
     0 | D:1      | Reached XP level 1. HP: 15/15 MP: 4/4
   305 | D:1      | Reached XP level 2. HP: 22/22 MP: 6/6
   404 | D:1      | Learned a level 2 spell: Blink
   407 | D:1      | Learned a level 2 spell: Repel Missiles
   702 | D:1      | Reached XP level 3. HP: 28/28 MP: 0/7
   769 | D:1      | Learned a level 3 spell: Mephitic Cloud
  1551 | D:2      | Found a runed door.
  1587 | D:2      | Reached XP level 4. HP: 21/36 MP: 0/9
  2830 | D:3      | Reached XP level 5. HP: 40/42 MP: 7/11
  3762 | D:2      | Noticed Crazy Yiuf
  3770 | D:2      | Killed Crazy Yiuf
  3770 | D:2      | Reached skill level 1 in Poison Magic
  4005 | D:4      | Reached skill level 1 in Fighting
  4005 | D:4      | Reached skill level 1 in Air Magic
  4005 | D:4      | Reached XP level 6. HP: 29/51 MP: 0/12
  4225 | D:4      | Got an ivory great mace
  4226 | D:4      | Identified the cursed +0 great mace "Umeis" {venom, rElec Dex+4 SInv} (You found it on level 4 of the Dungeon)
  4795 | D:5      | Entered Level 5 of the Dungeon
  4884 | D:5      | Learned a level 3 spell: Conjure Flame
  4949 | D:5      | HP: 2/52 [orc priest/trident (8)]
  4949 | D:5      | Mangled by an orc

Vault maps used:
D:1:      minmay_arrival_hallway
D:2:      first_bread, minmay_tetromino_i4, uniq_crazy_yiuf_cottage

Skill      XL: |  1  2  3  4  5  6 |
---------------+-------------------+-----
Conjurations   | 2 3 4 |  4.0
Spellcasting   | 4 |  4.2
Poison Magic   | 1 3 |  3.0
Fighting       | 1 |  1.8
Air Magic      | 1 |  1.9
Dodging        | |  1.5
Stealth        | |  3.4
Summonings     | |  1.0
Translocations | |  1.1

Action                   |  1- 3 |  4- 6 || total
-------------------------+-------+-------++-------
Melee: Dagger            |    20 |     4 ||    24
       Short sword       |    12 |    11 ||    23
       Great mace        |       |     9 ||     9
Throw: Javelin           |       |     1 ||     1
 Cast: Magic Dart        |    77 |   178 ||   255
       Repel Missiles    |     1 |     1 ||     2
       Mephitic Cloud    |       |     2 ||     2
 Abil: Spit Poison       |     6 |     6 ||    12
  Use: Scroll            |     5 |     9 ||    14
       Potion            |     1 |     1 ||     2
 Stab: Sleeping          |     1 |     2 ||     3
       Distracted        |       |     1 ||     1
  Eat: Bread ration      |     1 |     1 ||     2
       Chunk             |     1 |     3 ||     4
       Royal jelly       |       |     1 ||     1
Armor: Robe              |    14 |    25 ||    39
Dodge: Dodged            |    25 |    52 ||    77
       Deflected         |       |     1 ||     1
